 Dungeon Crawl Stone Soup version 0.17-a0-1840-g87820a2 (webtiles) character file.

148439 achirane the Warrior (level 16, -9/155 HPs)
             Began as a Centaur Hunter on Sept 16, 2015.
             Was the Champion of Okawaru.
             Mangled by a spriggan berserker
             ... wielding a +0 war axe
              (23 damage)
             ... on level 3 of the Depths on Sept 17, 2015.
             The game lasted 03:59:59 (37393 turns).

achirane the Warrior (Centaur Hunter)              Turns: 37393, Time: 03:59:59

Health: -9/155     AC: 31    Str: 30    XL:     16   Next: 94%
Magic:  17/22      EV:  7    Int: 14    God:    Okawaru [******]
Gold:   2496       SH:  0    Dex: 12    Spells: 0 memorised, 15 levels left

rFire  + . .     SeeInvis +     I - +4 arbalest (velocity)
rCold  + + +     Clarity  .     U - +6 chain mail "Duw Eron" {-Cast rElec rC++ Int+4}
rNeg   . . .     SustAt   .     (no shield)
rPois  .         Gourm    .     f - +2 hat
rElec  +         Spirit   .     i - +0 cloak of Grace {rF+ Regen+ SInv}
rCorr  .         Warding  .     C - +1 pair of gloves
rMut   .         Stasis   .     r - +3 centaur barding {rC+}
MR     ++...     NoCast   +     G - amulet of faith
Stlth  ..........               y - ring of Yzin {MR+ Str+4}
                                Y - +6 ring of strength

@: finesse, very quick, very resistant to hostile enchantments, extremely
unstealthy
A: hooves 3, blurry vision 1, deformed body, speed 2, tough skin 3
a: Heroism, Finesse, Renounce Religion


You were on level 3 of the Depths.
You worshipped Okawaru.
Okawaru was exalted by your worship.
You were not hungry.

You visited 4 branches of the dungeon, and saw 30 of its levels.
You also visited: Sewer and Bailey.

You collected 3612 gold pieces.
You spent 1116 gold pieces at shops.

Inventory:

Hand weapons
 I - a +4 arbalest of velocity (weapon)
 T - the +3 great sword of the Tooth {slice, rElec rF++}
   (You took it off an orc in a bailey)

   It inflicts extra damage upon your enemies.
   It greatly protects you from fire.
   It insulates you from electricity.
 Z - a +5 arbalest of freezing
Missiles
 a - 18 bolts of frost (quivered)
 h - 19 silver bolts
 k - 89 bolts
 u - 6 steel bolts
 v - 25 poisoned bolts
 w - 18 javelins
 L - 11 bolts of flame
 V - 12 bolts of penetration
Armour
 f - a +2 hat (worn)
 i - the +0 cloak of Grace (worn) {rF+ Regen+ SInv}
   (You found it on level 6 of the Dungeon)

   It protects you from fire.
   It lets you see invisible.
   It increases your rate of regeneration.
 r - a +3 centaur barding of cold resistance (worn)
 C - a +1 pair of gloves (worn)
 U - the +6 chain mail "Duw Eron" (worn) {-Cast rElec rC++ Int+4}
   (Okawaru gifted it to you on level 8 of the Lair of Beasts)

   It affects your intelligence (+4).
   It greatly protects you from cold.
   It insulates you from electricity.
   It prevents spellcasting.
Jewellery
 j - an uncursed ring of protection from cold
 y - the ring of Yzin (right hand) {MR+ Str+4}
   (You bought it in a shop on level 4 of the Orcish Mines)

   [ring of protection from magic]

   It affects your strength (+4).
   It affects your resistance to hostile enchantments.
 G - an amulet of faith (around neck)
 Y - a +6 ring of strength (left hand)
Magical devices
 l - a wand of digging (10)
 x - a wand of cold (7)
 D - a wand of fire (3)
 F - a wand of fireball (8)
 O - a wand of fire (9)
Scrolls
 b - 11 scrolls of identify
 c - a scroll of fear
 d - 8 scrolls of teleportation
 g - 3 scrolls of blinking
 n - 2 scrolls of fog
 q - 11 scrolls of remove curse
 E - a scroll of immolation
 H - 2 scrolls of magic mapping
 W - 2 scrolls of summoning
Potions
 m - 3 potions of haste
 p - 3 potions of lignification
 s - 4 potions of flight
 z - a potion of berserk rage
 A - 5 potions of might
 B - 7 potions of agility
 J - 9 potions of heal wounds
 M - 6 potions of curing
 Q - 2 potions of invisibility
 R - a potion of resistance
Books
 t - a book of Geomancy

   Spells                             Type                      Level
   a - Sandblast                      Earth                        1
   b - Stoneskin                      Transmutation/Earth          2
   c - Passwall                       Transmutation/Earth          3
   d - Stone Arrow                    Conjuration/Earth            3
   e - Petrify                        Transmutation/Earth          4
   f - Lee's Rapid Deconstruction     Earth                        5
 N - a book of Fire

   Spells                             Type                      Level
   a - Ignite Poison                  Fire/Transmutation/Poison    3
   b - Fireball                       Conjuration/Fire             5
   c - Bolt of Fire                   Conjuration/Fire             6
   d - Delayed Fireball               Conjuration/Fire             7
   e - Ring of Flames                 Charms/Fire                  7
Comestibles
 e - 21 bread rations
 o - 5 chunks of flesh
 K - a beef jerky


   Skills:
 - Level 17.4 Fighting
   Level 0.1(8.5) Short Blades
 - Level 13.0 Long Blades
 - Level 13.5 Crossbows
 + Level 10.9 Armour
 + Level 5.7 Dodging
 - Level 0.5 Stealth
 - Level 8.5 Invocations
 - Level 0.3 Evocations


You had 15 spell levels left.
You didn't know any spells.

Dungeon Overview and Level Annotations

Branches:
Dungeon (15/15)            Temple (0/1) D:6            Lair (8/8) D:10
  Swamp (0/4) Lair:5       Spider (0/4) Lair:4        Slime (0/6) Lair:8
    Orc (4/4) D:11            Elf (0/3) Orc:3        Vaults (0/5) D:13
 Depths (3/5) D:15

Altars:
Dithmenos
Kikubaaqudgha
Makhleb
Nemelex Xobeh
Okawaru
Qazlal
Sif Muna
Yredelemnul
The Shining One

Shops:
D:9 :}   Orc:4 :?=%   Depths:1 }

Portals:
Hell: Depths:1 Depths:2
Abyss: Depths:1
Pandemonium: Depths:1

Annotations:
D:9 Joseph


Innate Abilities, Weirdness & Mutations

You have hooves in place of feet.
Armour fits poorly on your strangely shaped body.
You cover ground very quickly.
You have extremely tough skin (AC +3).
Scrolls take you a little longer to read.


Message History

The spriggan berserker hits you with a war axe!
Use which ability?
You can now deal lightning-fast blows.
You feel somewhat more hungry.
The spriggan berserker hits you with a war axe!!
* * * LOW HITPOINT WARNING * * *
The spriggan berserker hits you with a war axe!!
* * * LOW HITPOINT WARNING * * *
Read which item? (? for menu, Esc to quit)
Really read with blurry vision while enemies are nearby? [Y]es or [N]o only, please.
Really read with blurry vision while enemies are nearby? [Y]es or [N]o only, please.
Really read with blurry vision while enemies are nearby? [Y]es or [N]o only, please.
Really read with blurry vision while enemies are nearby?
You hear a distant "Zot"!
You begin reading the scroll.
You continue reading the scroll.
The spriggan berserker hits you with a war axe!!
You die...

#.##########.≈≈)≈≈≈≈≈≈.... #.#
#.≈≈≈≈≈≈≈≈≈(... #.#
#.≈≈≈≈≈≈≈≈≈.... ########.#
#.≈≈≈≈≈≈≈≈≈.... #...†..[.#
#.≈≈≈≈≈≈≈≈≈.... #)######.#
#.≈≈≈≈≈≈≈≈≈....
#[######################≈≈≈≈≈....
#.'...[.....((.÷†.†....#≈≈≈≈≈....
#.#..........)[.@i..)..#≈≈≈≈≈....
#.##..###############..#≈≈≈≈≈...#
#..#...# .........#.......)#
#..#...# .........#..#####'#
#(.##...# ########(#.. #.#
#...#....# .((......#. #####.#
#...##.... ....(.(..# #......
#....### ..#####..# #.##.##
#......#### #..# ......


You could see a spriggan berserker (berserk).

Vanquished Creatures
  Nikola (Depths:1)
  Rupert (Orc:4)
  Asterion (Depths:2)
  An octopode crusher (Depths:3)
  3 frost giants
  An orc warlord (Orc:1)
  A fire giant (Depths:1)
  A juggernaut skeleton (D:15)
  7 stone giants
  A very ugly thing (Depths:3)
  2 vampire knights (Depths:1)
  A green death (Depths:1)
  A merfolk javelineer (Depths:3)
  3 ettins
  5 vault guards (D:13)
  A fire dragon (Depths:1)
  2 yaktaur captains (Depths:1)
  Josephine (D:13)
  The ghost of Duffy the Grappler, a powerful TrMo of Cheibriados (D:13)
  3 ice dragons
  5 hydras
  Fannar (Lair:2)
  3 entropy weavers
  A great orb of eyes (Depths:2)
  A rakshasa (Depths:3)
  A spriggan air mage (Depths:3)
  7 ogre magi
  A monstrous demonspawn (Depths:1)
  7 centaur warriors
  3 tengu warriors (Depths:1)
  13 death yaks
  2 deep troll shamans (Depths:3)
  2 vampire magi
  A spriggan berserker (Depths:3)
  2 deep troll earth magi
  Sonja (Lair:1)
  2 skeletal warriors (D:15)
  2 iron trolls (Depths:3)
  6 deep trolls
  2 unseen horrors
  A golden dragon zombie (Depths:2)
  An ice statue (Depths:2)
  2 orc knights
  A flayed ghost (D:15)
  A shadow dragon zombie (Depths:2)
  2 phantasmal warriors (Depths:1)
  5 hill giants
  An anubis guard (shapeshifter) (Depths:1)
  A sphinx zombie (Depths:2)
  4 ugly things
  A wizard (D:15)
  2 griffons
  3 oklob plants (Lair:8)
  An orc sorcerer (D:13)
  2 stone giant zombies
  A manticore (D:15)
  2 necromancers
  A fire giant skeleton (D:15)
  2 cyclopes
  7 black mambas
  A molten gargoyle (Depths:1)
  2 gargoyles
  An orange demon (Depths:1)
  2 yaktaurs
  3 spiny frogs
  A komodo dragon (shapeshifter) (D:15)
  3 komodo dragons
  A redback zombie (D:14)
  3 trolls
  8 fire drakes
  A queen bee (shapeshifter) (Depths:1)
  A spriggan druid (Lair:7)
  2 tengu conjurers
  2 freezing wraiths (D:15)
  19 two-headed ogres
  16 blink frogs
  A jumping spider (Lair:4)
  2 polar bears (Lair:7)
  15 slime creatures
  A blink frog (shapeshifter) (Depths:3)
  5 redbacks
  A deep troll skeleton (D:15)
  38 yaks
  3 deep elf magi
  A vampire (D:15)
  A hill giant zombie (D:11)
  2 humans
  A spriggan (shapeshifter) (D:14)
  7 wyverns
  12 basilisks
  A deep elf fighter (D:13)
  A hog (D:8)
  20 hippogriffs
  A steam dragon (Lair:6)
  5 wraiths
  2 swamp worms (Lair:5)
  2 neqoxecs (Depths:1)
  3 wargs
  4 porcupines
  10 water moccasins
  30 orc warriors
  A hornet simulacrum (D:15)
  5 phantoms
  3 ice beasts
  A black bear (Lair:7)
  A necrophage (D:11)
  11 centaurs
  2 sky beasts
  47 ogres
  11 crocodiles
  7 big kobolds
  27 giant frogs
  15 killer bees
  4 scorpions
  13 wights
  2 troll zombies (D:11)
  2 centaur zombies
  3 giant frog zombies
  3 quasits
  A gnoll shaman (D:8)
  A wasp zombie (D:9)
  8 crimson imps
  3 jellies
  28 orc priests
  4 centaur skeletons
  27 orc wizards
  7 iguanas
  6 hounds
  15 worker ants
  A giant frog skeleton (D:8)
  6 hell rats (Lair:8)
  14 sheep
  3 ogre zombies (D:11)
  A worker ant zombie (D:6)
  A hound skeleton (D:6)
  16 adders
  17 gnolls
  32 river rats
  A shadow imp (D:12)
  2 oozes
  An adder skeleton (D:9)
  8 worms
  5 giant geckos
  179 orcs
  8 bats
  12 giant cockroaches
  9 hobgoblins
  10 jackals
  75 kobolds
  4 quokkas
  9 ball pythons
  A giant gecko skeleton (D:4)
  A giant gecko zombie (D:9)
  11 giant newts
  24 goblins
  A goblin skeleton (D:11)
  3 goblin zombies (D:11)
  A hobgoblin skeleton (D:11)
  3 hobgoblin zombies (D:11)
  9 orc zombies (D:11)
  2 quokka zombies
  7 rats
  A bush (Lair:4)
  3 fungi
1116 creatures vanquished.

Vanquished Creatures (others)
  A yaktaur captain (Depths:1)
  A great orb of eyes (Depths:1)
  2 blink frogs (Lair:8)
  2 fungi
  9 plants
15 creatures vanquished.

Grand Total: 1131 creatures vanquished

Notes
Turn   | Place    | Note
--------------------------------------------------------------
     0 | D:1      | achirane the Centaur Hunter began the quest for the Orb.
     0 | D:1      | Reached XP level 1. HP: 17/17 MP: 1/1
   106 | D:1      | Reached XP level 2. HP: 22/24 MP: 0/2
   360 | D:1      | Reached skill level 5 in Crossbows
  1028 | D:1      | Reached XP level 3. HP: 29/29 MP: 1/3
  1498 | D:2      | Reached skill level 6 in Crossbows
  1531 | D:2      | Reached XP level 4. HP: 31/36 MP: 4/4
  2092 | D:3      | Found a shadowy altar of Dithmenos.
  2340 | D:3      | Reached XP level 5. HP: 37/41 MP: 5/5
  2424 | D:3      | Reached skill level 7 in Crossbows
  2615 | D:3      | Noticed a big kobold
  2615 | D:3      | Noticed a big kobold
  2739 | D:3      | Killed a big kobold
  2969 | D:3      | Killed a big kobold
  2969 | D:3      | Reached skill level 8 in Crossbows
  2969 | D:3      | Reached XP level 6. HP: 38/48 MP: 6/6
  3166 | D:3      | Found a basalt altar of Yredelemnul.
  3166 | D:3      | Found a glowing golden altar of the Shining One.
  3167 | D:3      | Found a burning altar of Makhleb.
  3249 | D:3      | Found a sparkling altar of Nemelex Xobeh.
  4363 | D:4      | Reached skill level 9 in Crossbows
  4379 | D:4      | Reached XP level 7. HP: 42/55 MP: 7/7
  4762 | D:4      | Reached skill level 10 in Crossbows
  6046 | D:4      | Reached XP level 8. HP: 51/61 MP: 8/8
  6175 | D:4      | Reached skill level 11 in Crossbows
  6623 | D:5      | Entered Level 5 of the Dungeon
  6904 | D:5      | Reached skill level 12 in Crossbows
  6906 | D:5      | Found a glowing drain.
  6936 | Sewer    | Entered a sewer
  7574 | D:5      | Found a stormy altar of Qazlal.
  7578 | D:5      | Found a sparkling altar of Nemelex Xobeh.
  7582 | D:5      | Found an ancient bone altar of Kikubaaqudgha.
  7957 | D:6      | Reached skill level 13 in Crossbows
  8000 | D:6      | Found a staircase to the Ecumenical Temple.
  8097 | D:6      | Reached XP level 9. HP: 67/67 MP: 9/9
  8158 | D:6      | Found an iron altar of Okawaru.
  8162 | D:6      | Became a worshipper of Warmaster Okawaru
  8413 | D:6      | Got a crude cloak
  8419 | D:6      | Identified the +0 cloak of Grace {rF+ Regen+ SInv} (You found it on level 6 of the Dungeon)
  9386 | D:7      | Acquired Okawaru's first power
  9515 | D:6      | Reached skill level 5 in Fighting
  9786 | D:7      | Found a flagged portal.
  9793 | Bailey   | Entered a bailey
  9837 | Bailey   | Noticed an orc knight
 10134 | Bailey   | Got a shimmering great sword
 10143 | Bailey   | Identified the cursed +3 great sword of the Tooth {slice, rElec rF++} (You took it off an orc in a bailey)
 10624 | D:7      | Reached XP level 10. HP: 81/88 MP: 10/10
 11062 | D:8      | Reached skill level 1 in Long Blades
 11863 | D:9      | Noticed Joseph
 11941 | D:9      | Found Dastroyfago's Book Emporium.
 12389 | D:9      | Found a deep blue altar of Sif Muna.
 12606 | D:9      | Found Jyxad's Gadget Shop.
 12638 | D:10     | Entered Level 10 of the Dungeon
 12766 | D:10     | Found a staircase to the Lair.
 12915 | D:10     | Noticed a hill giant
 12958 | D:10     | Killed a hill giant
 12958 | D:10     | Reached skill level 5 in Long Blades
 13373 | Lair:1   | Entered Level 1 of the Lair of Beasts
 13450 | Lair:1   | Noticed Sonja
 13454 | Lair:1   | Killed Sonja
 13454 | Lair:1   | Received a gift from Okawaru
 13454 | Lair:1   | Received a gift from Okawaru
 13454 | Lair:1   | Reached skill level 10 in Fighting
 13454 | Lair:1   | Reached XP level 11. HP: 99/99 MP: 11/11
 14101 | Lair:1   | Noticed a black mamba
 14109 | Lair:1   | Killed a black mamba
 14226 | D:11     | Acquired Okawaru's second power
 14475 | D:11     | Received a gift from Okawaru
 14893 | D:11     | Found a staircase to the Orcish Mines.
 15060 | D:11     | Noticed a seven-headed hydra
 15127 | D:11     | Killed a seven-headed hydra
 15127 | D:11     | Received a gift from Okawaru
 15707 | D:11     | Reached XP level 12. HP: 110/110 MP: 12/12
 15892 | D:12     | Noticed a hill giant
 15909 | D:12     | Killed a hill giant
 15970 | D:12     | Reached skill level 10 in Long Blades
 16092 | D:12     | Noticed a hill giant
 16098 | D:12     | Killed a hill giant
 16626 | D:13     | Noticed Josephine
 16654 | D:13     | Killed Josephine
 16745 | D:13     | Noticed a vault guard
 16918 | D:13     | Noticed Duffy's ghost (powerful TrMo)
 17078 | D:13     | Noticed a vault guard
 17127 | D:13     | Noticed a centaur warrior
 17148 | D:13     | Killed a centaur warrior
 17153 | D:13     | Received a gift from Okawaru
 17304 | D:13     | Killed a vault guard
 17346 | D:13     | Killed Duffy's ghost
 17380 | D:13     | Killed a vault guard
 17447 | D:13     | Noticed a vault guard
 17452 | D:13     | Killed a vault guard
 17616 | D:13     | Found a gate to the Vaults.
 17616 | D:13     | Noticed a vault guard
 17649 | D:13     | Killed a vault guard
 17649 | D:13     | Reached XP level 13. HP: 107/119 MP: 13/13
 17676 | D:13     | Noticed a vault guard
 17716 | D:13     | Killed a vault guard
 18254 | Lair:2   | Noticed Fannar
 18275 | Lair:2   | Killed Fannar
 19991 | Lair:4   | Reached skill level 1 in Invocations
 20139 | Lair:4   | Found a hole to the Spider Nest.
 20257 | Lair:4   | Received a gift from Okawaru
 20419 | Lair:4   | Got a fine robe
 20430 | Lair:4   | Identified the cursed +0 robe of Generosity {-Tele rC+++ Slay+2} (You found it on level 4 of the Lair of Beasts)
 21079 | Lair:5   | Received a gift from Okawaru
 21093 | Lair:5   | Found a staircase to the Swamp.
 21145 | Lair:5   | Reached skill level 14 in Fighting
 21155 | Lair:5   | Received a gift from Okawaru
 22505 | Lair:6   | Reached skill level 5 in Invocations
 22524 | Lair:6   | Reached XP level 14. HP: 123/133 MP: 17/17
 22956 | Lair:7   | Reached skill level 15 in Fighting
 23762 | Lair:8   | Entered Level 8 of the Lair of Beasts
 23912 | Lair:8   | Identified a scroll of acquirement
 24214 | Lair:8   | Received a gift from Okawaru
 24219 | Lair:8   | Got an ancient chain mail {god gift}
 24281 | Lair:7   | Identified the +6 chain mail "Duw Eron" {-Cast rElec rC++ Int+4} (Okawaru gifted it to you on level 8 of the Lair of Beasts)
 24996 | Lair:8   | Reached skill level 16 in Fighting
 25230 | Lair:8   | Found a staircase to the Slime Pits.
 25689 | Orc:1    | Entered Level 1 of the Orcish Mines
 26191 | Orc:2    | Noticed an orc warlord
 26535 | Orc:1    | Killed an orc warlord
 26977 | Orc:3    | Found a staircase to the Elven Halls.
 28038 | Orc:4    | Entered Level 4 of the Orcish Mines
 28230 | Orc:3    | Received a gift from Okawaru
 28435 | Orc:4    | Received a gift from Okawaru
 28502 | Orc:4    | Received a gift from Okawaru
 28512 | Orc:4    | Reached skill level 17 in Fighting
 28519 | Orc:4    | Noticed Rupert
 28533 | Orc:4    | Reached XP level 15. HP: 111/147 MP: 15/21
 28534 | Orc:4    | Killed Rupert
 28558 | Orc:4    | Found Ysof's Jewellery Boutique.
 28558 | Orc:4    | Found Kojay's Book Shoppe.
 28563 | Orc:4    | Found Destrumot's Food Emporium.
 28563 | Orc:4    | Found Vetoul's Magic Scroll Boutique.
 29139 | Orc:4    | Bought the ring of Yzin {MR+ Str+4} for 646 gold pieces
 29142 | Orc:4    | Bought a scroll of enchant armour for 112 gold pieces
 29142 | Orc:4    | Bought a scroll of magic mapping for 52 gold pieces
 29142 | Orc:4    | Bought a scroll of magic mapping for 52 gold pieces
 29142 | Orc:4    | Bought a scroll of blinking for 112 gold pieces
 29142 | Orc:4    | Bought a scroll of enchant armour for 112 gold pieces
 29148 | Orc:4    | Bought a scroll of fog for 30 gold pieces
 30168 | D:14     | Reached skill level 1 in Armour
 30208 | D:14     | Received a gift from Okawaru
 30856 | D:15     | Entered Level 15 of the Dungeon
 31080 | D:15     | Found a staircase to the Depths.
 31217 | D:15     | Received a gift from Okawaru
 31509 | D:15     | Received a gift from Okawaru
 32022 | D:15     | Found a burning altar of Makhleb.
 32092 | Depths:1 | Entered Level 1 of the Depths
 32371 | D:15     | Reached skill level 5 in Armour
 32425 | Depths:1 | Identified the Handbook of Boosting Shape Shifting
 32614 | Depths:1 | Noticed Nikola
 32639 | Depths:1 | Killed Nikola
 32680 | Depths:1 | Found Xiociz's Gadget Shoppe.
 32999 | Depths:1 | Received a gift from Okawaru
 33083 | Depths:1 | Found a one-way gate to the infinite horrors of the Abyss.
 33102 | Depths:1 | Found a gateway to Hell.
 33408 | Depths:1 | Reached XP level 16. HP: 137/155 MP: 22/22
 33472 | Depths:1 | Found a one-way gate leading to the halls of Pandemonium.
 33503 | Depths:1 | Gained mutation: Scrolls take you a little longer to read. [a neqoxec]
 33871 | Depths:2 | Noticed Asterion
 33901 | Depths:2 | Killed Asterion
 34274 | Depths:2 | Identified the Reference Book on the Ashen Traveller (You found it on level 2 of the Depths)
 34315 | Depths:2 | Received a gift from Okawaru
 35492 | Depths:1 | Received a gift from Okawaru
 36092 | Depths:2 | Received a gift from Okawaru
 36095 | Depths:2 | Reached skill level 5 in Dodging
 36416 | Depths:3 | Reached skill level 10 in Armour
 37051 | Depths:3 | Received a gift from Okawaru
 37113 | Depths:3 | Received a gift from Okawaru
 37240 | Depths:3 | Noticed a tentacled monstrosity
 37393 | Depths:3 | Mangled by a spriggan berserker

Vault maps used:
D:1:      lightli_arrival_lavapool, minmay_cut_off
D:3:      minmay_goblin_kobold_castle, grunt_dithmenos_smoke,
          gammafunk_temple_overflow_claw, first_bread,
          hangedman_abyss_or_decor_stabs, minmay_misc_feat_tiny,
          columned_hall_lemuel, nemelex_dance_club_becter
D:4:      kennysheep_generic_room_4
D:5:      grunt_temple_overflow_diamond, portal_sewer_entry_b,
          nicolae_ossuary_entry_monument, grunt_decor_one_mirror,
          kennysheep_big_empty_room, minmay_liquid_box, minmay_ogre_servants
D:6:      temple_doors_e, okawaru_metal_pillars_1_2
D:7:      enter_bailey_2, kennysheep_generic_room_3
D:8:      grunt_livestock
D:9:      serial_shops, kennysheep_little_box, nicolae_shop_stone,
          lemuel_blue_sif_altar, uniq_joseph
D:10:     dpeg_lair_monsters, feat_on_display
D:11:     lemuel_upstairs_altar, zombieorc1_lemuel, grunt_ministairs_4
D:12:     minmay_misc_feat_more_columns
D:13:     grunt_vaults_entry_fortified, serial_bayou_pond_c, uniq_josephine
D:14:     hangedman_abyss_or_decor_passed, kennysheep_generic_room_11
D:15:     gammafunk_depths_entry_grave, minmay_misc_feat_alley,
          makhleb_altar_promises_db
Lair:1:   uniq_sonja
Lair:2:   lab_entry_generic, grunt_megastairs_4, bh_autumn_forest_stairs,
          uniq_fannar
Lair:3:   grunt_megastairs_2
Lair:4:   spider_nest_entry_rubble
Lair:5:   minmay_swamp_entry_worms, mumra_transporter_accident
Lair:6:   nicolae_quartered_pool_super
Lair:7:   kilobyte_rumbling_trees
Lair:8:   wormcave, minmay_slime_entry_oklob_enclosed,
          infiniplex_staircase_pool_2
Orc:1:    amalloy_card_club
Orc:3:    nicolae_orc_pool_cavern, lightli_orcish_oven
Orc:4:    st_orc_ogre_mass, uniq_rupert
Depths:1: abyss_entry, serial_shops, shop, hell_entry, rand_demon_pan_entry_4,
          minmay_misc_feat_hallway, feat_on_display, uniq_nikola
Depths:2: lemuel_ice_statue, hell_entry, infiniplex_staircase_door_maze,
          uniq_asterion
Depths:3: minmay_quarter_circles, rand_demon_pan_entry_1,
          grunt_hell_entry_dis_old, abyss_entry_flame_altar, firewood_loft,
          infiniplex_staircase_diamond
Sewer:    sewer_frog_island_01
Bailey:   bailey_axe_4, bailey

Action                   |  1- 3 |  4- 6 |  7- 9 | 10-12 | 13-15 | 16-18 || total
-------------------------+-------+-------+-------+-------+-------+-------++-------
Melee: Short sword       |   123 |       |   454 |       |       |       ||   577
       Mace              |    39 |     5 |   145 |       |       |       ||   189
       Spear             |     9 |   307 |    50 |       |       |       ||   366
       Great sword       |       |       |    25 |   605 |   956 |   128 ||  1714
 Fire: Hand crossbow     |     9 |    24 |    98 |       |       |       ||   131
       Arbalest          |       |       |       |   142 |   456 |   235 ||   833
Throw: Tomahawk          |     3 |     8 |    20 |    29 |       |       ||    60
       Javelin           |       |    11 |    15 |       |    12 |     5 ||    43
Invok: Heroism           |       |       |       |     5 |    18 |     7 ||    30
       Finesse           |       |       |       |       |     2 |     3 ||     5
Evoke: Wand              |       |       |       |     2 |       |       ||     2
  Use: Potion            |       |       |     6 |     1 |       |     1 ||     8
       Scroll            |       |       |    13 |    10 |     9 |       ||    32
 Stab: Paralysed         |       |       |       |     1 |       |       ||     1
  Eat: Chunk             |     1 |     8 |    12 |    19 |    38 |     7 ||    85
       Meat ration       |       |       |     1 |       |       |       ||     1
       Fruit             |       |       |       |     1 |     2 |       ||     3
       Royal jelly       |       |       |       |       |     1 |       ||     1
       Bread ration      |       |       |       |       |       |     1 ||     1
